 Dungeon Crawl Stone Soup version 0.27.1-34-g3ba077fa99 (webtiles) character file.

Game seed: 10894444164997933706

37 H4rdStyl3z the Grave Robber (level 3, -5/26 HPs)
             Began as a Ghoul Necromancer on Jan 15, 2022.
             Slain by a worm (10 damage)
             ... on level 2 of the Dungeon.
             The game lasted 00:06:27 (2207 turns).

H4rdStyl3z the Grave Robber (Ghoul Necromancer)     Turns: 2207, Time: 00:06:28

Health: -5/26      AC:  2    Str: 11    XL:     3   Next: 39%
Magic:  2/5        EV: 12    Int: 11    God:
Gold:   89         SH:  0    Dex:  9    Spells: 2/6 levels left

rFire    . . .     SeeInvis .   (no weapon)
rCold    + . .     Faith    .   (no shield)
rNeg     + + +     Spirit   .   a - +0 robe
rPois    ∞         Reflect  .   (no helmet)
rElec    .         Harm     .   (no cloak)
rCorr    .         Rampage  .   (no gloves)
Will     .....                  (no boots)
Stlth    ++........             (no amulet)
HPRegen  0.00/turn              (no ring)
MPRegen  0.09/turn              (no ring)

@: inhibited regen
A: claws 1, cold resistance 1, negative energy resistance 3, inhibited
regeneration, torment resistance 2
a: no special abilities


You were on level 2 of the Dungeon.
You visited 1 branch of the dungeon, and saw 2 of its levels.

You collected 89 gold pieces.

Inventory:

Armour
 a - a +0 robe (worn)
Scrolls
 c - 2 scrolls of identify {unknown}
Potions
 b - a potion of resistance {unknown}
 d - a potion of lignification {unknown}


   Skills:
 - Level 1.7 Dodging
 - Level 2.1 Stealth
 + Level 2.2 Spellcasting
 * Level 4.8 Necromancy


You had 2 spell levels left.
You knew the following spells:

 Your Spells              Type           Power      Damage    Failure   Level
a - Pain                  Necr           44%        1d6       4%          1
b - Vampiric Draining     Necr           5%         2d6       12%         3

Your spell library contained the following spells:

 Spells                   Type           Power      Damage    Failure   Level
 Animate Skeleton         Necr           22%        N/A       4%          1
 Animate Dead             Necr           5%         N/A       36%         4
 Agony                    Necr           11%        N/A       73%         5


Dungeon Overview and Level Annotations

Branches:
Dungeon (2/15)

Altars:


Innate Abilities, Weirdness & Mutations

You thrive by killing the living.
You are immune to poison.
You have sharp fingernails.
Your flesh is cold resistant. (rC+)
You are immune to negative energy. (rN+++)
You do not regenerate when monsters are visible.
You are immune to unholy pain and torment.


Message History

Confirm with . or Enter, or press ? or * to list all spells.
Okay, then.
There is an escape hatch in the ceiling here.
A mysterious force pulls you upwards. The hatch slams shut behind you.
You start resting.
Magic restored.
You start resting.
HP restored.
Done exploring.
(D) Dungeon
Where to? (Enter - D:2, ? - help)
You open the door.
There is an open door here.
There is a stone staircase leading down here.
You climb downwards.
There is a stone staircase leading up here.
A worm is nearby!
A worm is nearby!
You can't see any susceptible monsters within range! (Use Z to cast anyway.)
The worm struggles to resist.
The worm writhes in agony.
The worm struggles to resist.
The worm writhes in agony.
The worm writhes in agony.
There is a stone staircase leading up here.
There is a stone staircase leading up here.
The worm writhes in agony.
A worm is nearby!
A gnoll comes into view. It is wielding a +0 whip.
The gnoll shouts!
You scratch the worm.
The worm is lightly wounded.
The worm bites you!
You scratch the gnoll but do no damage. The gnoll hits you with a +0 whip.
You scratch the gnoll.
The gnoll is lightly wounded.
The gnoll hits you with a +0 whip.
* * * LOW HITPOINT WARNING * * *
The worm bites you!
You die...

########### #####
##....g.....
###...#
#..####.....
....#.# #g## #..
...##.# #@#
##..#.# #w#
##.#.##########.#
#.....##.......#
#####.##w#######
#....# !# #...##
.# #.w## .S# #..#
..#


You could see a worm and a gnoll.

Vanquished Creatures
  A dart slug (D:1)
  5 bats (D:1)
  4 endoplasms (D:1)
  3 giant cockroaches
  3 goblins
  3 hobgoblins (D:1)
  3 jackals (D:1)
  2 ball pythons (D:1)
  2 frilled lizards
  A kobold (D:1)
  5 rats
32 creatures vanquished.

Notes
Turn   | Place    | Note
-------+----------+-------------------------------------------
     0 | D:1      | H4rdStyl3z the Ghoul Necromancer began the quest for the
                  | Orb.
     0 | D:1      | Reached XP level 1. HP: 14/14 MP: 2/2
   220 | D:1      | Reached XP level 2. HP: 17/20 MP: 0/4
   979 | D:1      | Reached XP level 3. HP: 26/26 MP: 2/5
  1123 | D:1      | Learned a level 3 spell: Vampiric Draining
  2207 | D:2      | Slain by a worm

Illustrated notes

Levels and vault maps discovered:
D:1:      dpeg_arrival_more_subterranean_lakeside_camping, layout_basic
D:2:      layout_rooms

Skill      XL: |  1 |
---------------+----+-----
Spellcasting   | 2 |  2.2
Dodging        | |  1.7
Stealth        | |  2.1
Necromancy     | |  4.8

Action                   || total
-------------------------++-------
Melee: Unarmed           ||    23
 Cast: Pain              ||    85
Armor: Robe              ||    13
Dodge: Dodged            ||    51
